 Dungeon Crawl Stone Soup version 0.29.1-2-gbd0b4ee654 (webtiles) character file.

Game seed: 9283425028827886880

1709 Mitcholas the Trooper (level 9, -2/66 HPs)
             Began as a Djinni Conjurer on Nov 8, 2022.
             Slain by an orc warrior
             ... wielding a +0 long sword
              (13 damage)
             ... on level 7 of the Dungeon on Nov 9, 2022.
             The game lasted 00:41:00 (5734 turns).

Mitcholas the Trooper (Djinni Conjurer)             Turns: 5734, Time: 00:41:00

Health: -2/66      AC:  6    Str:  6    XL:     9   Next: 23%
Gold:   104        EV: 10    Int: 24    God:
                   SH:  0    Dex: 12

rFire   + + .      SeeInvis .   g - +1 short sword
rCold   x . .      Faith    .   (no shield)
rNeg    . . .      Spirit   .   k - +0 ring mail
rPois   ∞          Reflect  .   (no helmet)
rElec   .          Harm     .   (no cloak)
rCorr   .          Rampage  .   (no gloves)
Will    .....                   (boots unavailable)
Stlth   +.........              d - amulet of regeneration
HPRegen 1.01/turn               s - ring of wizardry
MPRegen 0.00/turn               (no ring)

@: flying, very slightly contaminated
A: sickness immunity, fire resistance 2, cold vulnerability 1, float, innate
caster, HP casting, extra vitality 1
a: no special abilities


You were on level 7 of the Dungeon.
You visited 1 branch of the dungeon, and saw 7 of its levels.

You collected 264 gold pieces.
You spent 160 gold pieces at shops.

Inventory:

Hand Weapons
 g - a +1 short sword (weapon)
Armour
 k - a +0 ring mail (worn)
Jewellery
 d - an amulet of regeneration (around neck)
 s - a ring of wizardry (left hand)
Wands
 o - a wand of paralysis (9)
 p - a wand of flame (17)
Scrolls
 a - a scroll of enchant armour {unknown}
 c - 4 scrolls of teleportation
 e - a scroll of enchant weapon
 f - 2 scrolls of fog
 j - 4 scrolls of identify
Potions
 b - 3 potions of curing
 h - a potion of might {unknown}
 m - a potion of lignification {unknown}
 r - a potion of mutation {unknown}


   Skills:
 + Level 6.0 Fighting
 + Level 5.2 Armour
 + Level 3.9 Dodging
 - Level 1.5 Stealth
 + Level 5.8 Spellcasting
 + Level 2.7 Evocations


You couldn't memorise any spells.
You knew the following spells:

 Your Spells              Type           Power      Damage    Failure   Level
a - Magic Dart            Conj           100%       1d8       1%          1
b - Searing Ray           Conj           68%        2d6       1%          2
c - Dazzling Flash        Conj/Hex       68%        N/A       3%          3
d - Fulminant Prism       Conj/Hex       17%        3d11      11%         4
e - Iskenderun's Mystic   Conj/Tloc      34%        2d8       11%         4
f - Freeze                Ice            100%       1d11      1%          1
g - Blink                 Tloc           68%        N/A       1%          2
h - Ozocubu's Armour      Ice            34%        N/A       3%          3
i - Sticky Flame          Conj/Fire      34%        2d5       11%         4
Your spell library was empty.

Dungeon Overview and Level Annotations

Branches:
Dungeon (7/15)             Temple (0/1) D:4

Altars:
Nemelex Xobeh

Shops:
D:1 :   D:3 (   D:6 (

Annotations:
D:4 Duvessa, Grinder, Menkaure


Innate Abilities, Weirdness & Mutations

You are immune to sickness and miasma.
You are immune to poison.
Your flesh is very heat resistant. (rF++)
You are vulnerable to cold. (rC-)
You float through the air rather than walking.
You learn spells naturally, not from books.
Your magical power is your life essence.
You have superior vitality. (+4 MHP)


Message History

The searing ray hits the orc warrior.
The orc warrior is severely wounded. (Press . to maintain the ray.)
The orc warrior misses you.
Casting: Searing Ray (safe; 1% risk of failure)
Confirm with . or Enter, or press ? or * to list all spells.
Restarting spell: Searing Ray (safe; 1% risk of failure)
Press: ? - help, Shift-Dir - straight line, f/p - orc warrior
Aim: an orc warrior, wielding a +0 long sword and wearing a +0 chain mail (severely wounded, 78% to hit)
The searing ray hits the orc warrior but does no damage.
The orc warrior is severely wounded. (Press . to maintain the ray.)
The orc warrior barely misses you.
The searing ray misses the orc warrior.
The orc warrior hits you with a +0 long sword!
The searing ray misses the orc warrior.
The orc warrior barely misses you.
Unknown command.
Unknown command.
Casting: Searing Ray (safe; 1% risk of failure)
Confirm with . or Enter, or press ? or * to list all spells.
You miscast Iskenderun's Mystic Blast.
You are very lightly contaminated with residual magic.
Nothing appears to happen.
The orc warrior closely misses you.
Casting: Iskenderun's Mystic Blast (dangerous; 11% risk of failure)
Confirm with . or Enter, or press ? or * to list all spells.
Aiming: Searing Ray (safe; 1% risk of failure)
Press: ? - help, Shift-Dir - straight line, f/p - orc warrior
Aim: an orc warrior, wielding a +0 long sword and wearing a +0 chain mail (severely wounded, 78% to hit)
The searing ray misses the orc warrior. (Press . to maintain the ray.)
The orc warrior barely misses you.
The searing ray hits the orc warrior.
The orc warrior is severely wounded.
The orc warrior hits you with a +0 long sword!
* * * LOW HITPOINT WARNING * * *
The searing ray hits the orc warrior.
The orc warrior is almost dead.
* * * LOW HITPOINT WARNING * * *
The orc warrior hits you with a +0 long sword!
You die...

*,* ####.## ##.##### *,* #.##
##.# *,* ##.## *#.#* *,*
##.###.#* *,* ##.#.## *,* ##.#.#*
** ****** *,* #.$#,****,
,,,,,**####.############.##*,,,,,
**,,,,,!....).)o@.........#,****,
*,,,,,..>...#############.#* *,
**,,,,,.....,,,,,* *.# *,
**,***,##..,,***,* *,# ** **,*
*,*#.*,** *,* *,* ,,,***,*#,*,*
*,* *,* **,,,,,**,*,* *,* *,*
**,*,,,,,,,,* **,** *,******
,*+*,****,*****,*,**** *,,,,,,,


You could see an orc warrior.

Vanquished Creatures
  2 black bears
  An ogre (D:5)
  3 necrophages
  A bullfrog (D:7)
  A gnoll sergeant (D:7)
  5 scorpions
  A howler monkey (D:5)
  A jelly (D:4)
  5 hounds
  6 orc priests
  2 iguanas
  5 orc wizards
  9 gnolls
  9 adders
  A shadow imp (D:6)
  A white imp (D:6)
  A worm (D:4)
  A dart slug (D:1)
  17 orcs
  5 ball pythons
  5 endoplasms
  4 giant cockroaches
  A goblin (D:4)
  5 hobgoblins
  6 jackals
  2 quokkas
  4 bats
  4 frilled lizards
  2 kobolds
  3 rats
113 creatures vanquished.

Notes
Turn   | Place    | Note
-------+----------+-------------------------------------------
     0 | D:1      | Mitcholas the Djinni Conjurer began the quest for the Orb.
     0 | D:1      | Mitcholas set off with the following spells memorised:
                  | Magic Dart, Searing Ray, Dazzling Flash, Fulminant Prism,
                  | Iskenderun's Mystic Blast.
     0 | D:1      | Reached XP level 1. HP: 15/15 MP: 0/0
   364 | D:1      | Reached skill level 1 in Fighting
   364 | D:1      | Reached XP level 2. HP: 6/22 MP: 0/0
   933 | D:1      | Found Jiesmon's Book Emporium.
  1319 | D:1      | Found a faded altar of an unknown god.
  1369 | D:2      | Reached XP level 3. HP: 22/28 MP: 0/0
  1369 | D:2      | Learned a level 1 spell: Freeze
  1531 | D:2      | Reached skill level 2 in Fighting
  1707 | D:2      | Reached XP level 4. HP: 29/33 MP: 0/0
  2092 | D:2      | Found a sparkling altar of Nemelex Xobeh.
  2803 | D:3      | Identified the +8 whip "Huihaugg" {vorpal, rN++}
  2833 | D:3      | Found the +3 pair of mountain boots {steadfast, rC+}
  3056 | D:3      | Found Xeuss's Weapon Emporium.
  3301 | D:4      | Noticed Duvessa
  3351 | D:4      | Reached XP level 5. HP: 38/39 MP: 0/0
  3351 | D:4      | Learned a level 2 spell: Blink
  3408 | D:4      | Reached skill level 3 in Fighting
  3408 | D:4      | Reached skill level 1 in Armour
  3458 | D:4      | Noticed Menkaure
  3616 | D:4      | Found a staircase to the Ecumenical Temple.
  3619 | D:4      | Noticed Grinder
  3624 | D:4      | Duvessa, Dowan, Grinder, AND Menkaure on D4...
  3722 | D:5      | Entered Level 5 of the Dungeon
  3750 | D:5      | Reached XP level 6. HP: 25/46 MP: 0/0
  3875 | D:5      | Reached XP level 7. HP: 50/51 MP: 0/0
  3875 | D:5      | Learned a level 3 spell: Ozocubu's Armour
  3901 | D:5      | Reached skill level 4 in Fighting
  3957 | D:5      | Reached skill level 5 in Spellcasting
  4187 | D:5      | Reached XP level 8. HP: 45/58 MP: 0/0
  4471 | D:5      | Reached skill level 5 in Fighting
  4763 | D:6      | Reached skill level 1 in Evocations
  4890 | D:6      | Found Vicvaid's Antique Weapon Boutique.
  4897 | D:6      | Bought a bloodstained spear for 160 gold pieces
  4897 | D:6      | Identified the +4 spear of Gewneiq {drain, rPois Will+
                  | Str-2} (You bought it in a shop on level 6 of the Dungeon)
  5227 | D:6      | Reached XP level 9. HP: 45/66 MP: 0/0
  5227 | D:6      | Learned a level 4 spell: Sticky Flame
  5535 | D:7      | Reached skill level 5 in Armour
  5659 | D:7      | Reached skill level 6 in Fighting
  5734 | D:7      | Slain by an orc warrior

Illustrated notes

#.........#.#... ..#.......
#.............o........#.###
#...5..................#..##
#.......h.÷..... .......##
#.............# #.....
#........o....# ##..##
#####.h.......# #...#
#...h.....# ##)...
#....@....## #...#.
#########..# #.#<#. ##.##
##.#.#. #..####..#.#.
##...##.##.## ###..#.##.##
##...##... ##..####. #..# #.


Turn 3624 on D:4: Duvessa, Dowan, Grinder, AND Menkaure on D4...

Levels and vault maps discovered:
D:1:      scummos_arrival_checkerplants, layout_basic,
          shapermc_ecumenical_altar_hornbeckon, serial_shops,
          nicolae_shop_window_shopping
D:2:      layout_rooms, basic_altar
D:3:      layout_basic, serial_shops, shop, ebering_dispersal_statue_hall
D:4:      layout_rooms, mainiacjoe_overflow_alcove_4,
          mainiacjoe_overflow_big_doors, minmay_temple_entry_grid, uniq_grinder,
          uniq_duvessa, uniq_menkaure
D:5:      kb_forest_paths, layout_loops_ring
D:6:      layout_basic, serial_shops, shop
D:7:      layout_loops_ring, mainiacjoe_overflow_alcove_1, enter_bailey_5,
          serial_shops, nicolae_shop_hallway_plus, dk_noncrumbling_3,
          hangedman_decor_push

Skill      XL: |  1  2  3  4  5  6  7  8  9 |
---------------+----------------------------+-----
Fighting       | 1 2 3 4 5 6 |  6.0
Spellcasting   | 4 5 |  5.8
Armour         | 1 2 3 4 5 |  5.2
Evocations     | 2 |  2.7
Dodging        | 3 |  3.9
Stealth        | |  1.5

Action                   |  1- 3 |  4- 6 |  7- 9 || total
-------------------------+-------+-------+-------++-------
Melee: Unarmed           |    26 |       |       ||    26
       Short sword       |    17 |    17 |       ||    34
       Punch             |     1 |       |       ||     1
 Cast: Magic Dart        |    34 |    75 |    56 ||   165
       Searing Ray       |       |     6 |    39 ||    45
       Dazzling Flash    |       |     1 |     1 ||     2
       Ozocubu's Armour  |       |       |     1 ||     1
       Iskenderun's Myst |       |       |     9 ||     9
  Use: Scroll            |       |       |     8 ||     8
 Stab: Sleeping          |     2 |       |       ||     2
Armor: Robe              |     7 |     4 |     3 ||    14
       Ring mail         |       |       |    14 ||    14
Dodge: Dodged            |    29 |    36 |    45 ||   110
